 Dungeon Crawl Stone Soup version 0.28-a0-631-g0446da8ef9 (webtiles) character file.

Game seed: 2147763023092528947

5128 Armakuni the Carver (level 10, -4/66 HPs)
             Began as a Human Wanderer on Oct 9, 2021.
             Was a Follower of Elyvilon.
             Succumbed to a kobold's poison
             ... on level 9 of the Dungeon.
             The game lasted 00:21:35 (8923 turns).

Armakuni the Carver (Human Wanderer)                Turns: 8923, Time: 00:21:35

Health: -4/66      AC: 13    Str: 15    XL:     10   Next: 88%
Magic:  12/13      EV: 11    Int: 12    God:    Elyvilon [*.....]
Gold:   1578       SH:  0    Dex: 12    Spells: 8/9 levels left

rFire   . . .      SeeInvis .   a - +5 sword of Power {vorpal}
rCold   . . .      Faith    .   (shield currently unavailable)
rNeg    . . .      Spirit   .   f - +0 scale mail
rPois   .          Reflect  .   l - +0 helmet
rElec   .          Harm     .   h - +0 cloak {rCorr}
rCorr   +          Rampage  .   (no gloves)
Will    .....                   (no boots)
Stlth   ..........              (no amulet)
HPRegen 0.21/turn               S - +4 ring of slaying
MPRegen 0.13/turn               A - +4 ring of protection

@: lethally poisoned (-4 -> -18), divinely protected, slowed, very slow
A: hooves 1, clumsy 1, frail 1
a: Renounce Religion, Lesser Healing, Divine Protection


You were on level 9 of the Dungeon.
You worshipped Elyvilon.
Elyvilon was aware of your devotion.
You visited 2 branches of the dungeon, and saw 10 of its levels.

You collected 1578 gold pieces.

Inventory:

Hand Weapons
 a - the +5 sword of Power (weapon) {vorpal}
   (You took it off an orc on level 3 of the Dungeon)

   It inflicts extra damage upon your enemies.
   It occasionally discharges a powerful but inaccurate bolt of energy upon
   striking a foe, with increased chance the greater the wielder's current
   health.
 b - a +0 longbow
 k - a +4 dagger of venom
Missiles
 e - a curare-tipped dart (quivered)
 p - 47 arrows
Armour
 f - a +0 scale mail (worn)
 h - a +0 cloak of preservation (worn)
 l - a +0 helmet (worn)
Jewellery
 A - a +4 ring of protection (right hand)
 J - a ring of ice
 N - a ring of positive energy
 P - a ring of poison resistance
 S - a +4 ring of slaying (left hand)
Scrolls
 g - a scroll of noise
 n - a scroll of fear
 q - a scroll of vulnerability
Potions
 c - a potion of ambrosia
 d - a potion of might
 o - 2 potions of resistance


   Skills:
 - Level 5.0 Fighting
 - Level 3.8(8.4) Short Blades
 + Level 11.7(11.9) Long Blades
 - Level 1.0 Axes
 - Level 5.0 Armour
 - Level 5.0 Dodging
 - Level 1.0 Stealth
 - Level 1.4 Shields
 - Level 5.0 Invocations


You had 8 spell levels left.
You knew the following spells:

 Your Spells              Type           Power      Damage    Failure   Level
a - Apportation           Tloc           0%         N/A       75%         1

Your spell library contained the following spells:

 Spells                   Type           Power      Damage    Failure   Level
 Animate Skeleton         Necr           0%         N/A       75%         1
 Summon Small Mammal      Summ           0%         N/A       75%         1


Dungeon Overview and Level Annotations

Branches:
Dungeon (9/15)             Temple (1/1) D:4            Lair (0/6) D:9
    Orc: D:9-12

Altars:
Ashenzari
Cheibriados
Dithmenos
Elyvilon
Fedhas
Gozag
Kikubaaqudgha
Makhleb
Qazlal
Ru
Sif Muna
Trog
Uskayaw
Vehumet
Wu Jian
Xom
Yredelemnul
Zin
The Shining One

Shops:
D:4 (   D:8 (


Innate Abilities, Weirdness & Mutations

You have large cloven feet.
You are clumsy. (Dex -2)
You are frail. (-10% HP)


Message History

Aim: a kobold brigand, wielding a +1 short sword of electrocution and quivering curare-tipped darts (58% to hit)
You throw a curare-tipped dart.
The curare-tipped dart hits the kobold brigand.
The kobold brigand is poisoned.
The kobold brigand convulses.
The kobold brigand seems to slow down.
The kobold brigand is moderately wounded.
You feel very sick.
The kobold brigand throws a curare-tipped dart.
The curare-tipped dart hits you.
You are more poisoned.
You have difficulty breathing.
You feel as though you will be slow longer.
The kobold brigand throws a curare-tipped dart.
The curare-tipped dart barely misses you.
You feel extremely sick.
You feel extremely sick.
You feel very sick.
You feel very sick.
You feel very sick. The kobold hits you but does no damage.
You are more poisoned.
* * * LOW HITPOINT WARNING * * *
You feel very sick.
* * * LOW HITPOINT WARNING * * *
You feel very sick.
The kobold hits you with a +2 dagger of venom.
* * * LOW HITPOINT WARNING * * *
You are more poisoned.
Okay, then.
Unknown command.
You are healed.
* * * LOW HITPOINT WARNING * * *
You feel very sick. The kobold hits you but does no damage.
You are more poisoned.
* * * LOW HITPOINT WARNING * * *
You feel extremely sick. The kobold closely misses you.
You beseech Elyvilon to protect your life.
You die...

.^.....(.#...# **,*.#
........)....###*,..#
...............###..##
...........K....##...#
............K........#
.......#####..#....###
.......)..)).........#
...........)).KK.....#
................@....#
.....................#
........###..........#
.......## #..........#
........###..........#
#######..##..........#
####.##......<...#
*#.......#####...####
*#.........## ##.....#


You could see a kobold brigand (poisoned) and 3 kobolds.

Vanquished Creatures
  2 two-headed ogres
  Pikel (D:4)
  A kobold demonologist (D:8)
  Grinder (D:3)
  A hornet (D:7)
  A wyvern (D:5)
  Sigmund (D:5)
  A water moccasin (D:7)
  Duvessa (D:5)
  An orc warrior (D:7)
  A necrophage (D:7)
  An ogre (D:5)
  3 lemures
  A centaur (D:7)
  A phantom (D:5)
  Blork the orc (D:6)
  A bullfrog (D:7)
  A gnoll sergeant (D:8)
  2 wyvern zombies
  2 scorpions
  Dowan (D:5)
  A water moccasin zombie (D:5)
  A wyvern skeleton (D:6)
  6 killer bees (D:8)
  4 wights (D:8)
  4 centaur zombies
  A hound (D:7)
  A bullfrog zombie (D:5)
  A jelly (D:5)
  3 gnoll shamans
  Crazy Yiuf (D:3)
  2 iguanas
  3 orc wizards
  A hound zombie (D:5)
  A hound skeleton (D:5)
  Robin (D:4)
  A howler monkey zombie (D:8)
  19 gnolls
  14 adders
  A shadow imp (D:5)
  2 white imps
  An ufetubus (D:6)
  2 worms
  4 dart slugs
  23 orcs
  4 endoplasms
  6 giant cockroaches
  14 goblins
  6 hobgoblins
  2 quokkas
  8 ball pythons
  4 bats
  4 frilled lizards
  12 kobolds
  3 rats
187 creatures vanquished.

Notes
Turn   | Place    | Note
-------+----------+-------------------------------------------
     0 | D:1      | Armakuni the Human Wanderer began the quest for the Orb.
     0 | D:1      | Armakuni set off with the following items: a +2 short
                  | sword, a potion of curing, a +0 ring mail
     0 | D:1      | Reached XP level 1. HP: 18/18 MP: 1/1
   189 | D:1      | Reached XP level 2. HP: 24/24 MP: 2/2
   868 | D:2      | Reached skill level 1 in Dodging
   868 | D:2      | Reached XP level 3. HP: 22/29 MP: 3/3
  1085 | D:2      | Reached XP level 4. HP: 35/35 MP: 4/4
  1596 | D:2      | Found a faded altar of an unknown god.
  1669 | D:3      | Reached XP level 5. HP: 41/42 MP: 5/5
  1879 | D:3      | Noticed Grinder
  1888 | D:3      | Identified a scroll of acquirement
  1888 | D:3      | Acquired 1158 gold pieces
  2236 | D:3      | Found a runed translucent door.
  2237 | D:3      | Noticed Crazy Yiuf
  2246 | D:3      | Killed Crazy Yiuf
  2344 | D:3      | Gained mutation: You are clumsy. (Dex -2) [potion of
                  | mutation]
  2344 | D:3      | Gained mutation: You are frail. (-10% HP) [potion of
                  | mutation]
  2344 | D:3      | Gained mutation: You have large cloven feet. [potion of
                  | mutation]
  2352 | D:3      | Killed Grinder
  2353 | D:3      | Reached XP level 6. HP: 43/44 MP: 6/6
  2353 | D:3      | Reached XP level 7. HP: 48/49 MP: 7/7
  2834 | D:4      | Identified the +1 leather armour of Carved Birdsong {Dex+2}
  2896 | D:4      | Found a staircase to the Ecumenical Temple.
  2910 | D:4      | Noticed Robin
  2932 | D:4      | Killed Robin
  2956 | Temple   | Entered the Ecumenical Temple
  3374 | D:4      | Found Ystry's Weapon Shoppe.
  3499 | D:5      | Entered Level 5 of the Dungeon
  3512 | D:5      | Noticed a wyvern
  3525 | D:5      | Killed a wyvern
  3526 | D:5      | Reached skill level 5 in Fighting
  3797 | D:5      | Reached skill level 5 in Armour
  3797 | D:5      | Reached XP level 8. HP: 51/55 MP: 8/8
  3860 | D:5      | Reached skill level 5 in Dodging
  3873 | D:5      | Reached skill level 1 in Long Blades
  3889 | D:5      | Noticed Pikel
  4177 | D:4      | Killed Pikel
  4178 | D:4      | Reached skill level 4 in Long Blades
  4406 | D:5      | Reached skill level 5 in Long Blades
  4563 | D:5      | Reached XP level 9. HP: 57/61 MP: 9/9
  4643 | D:5      | Noticed Duvessa
  4643 | D:5      | Noticed Dowan
  4656 | D:5      | Killed Duvessa
  4657 | D:5      | Reached skill level 6 in Long Blades
  4664 | D:5      | Killed Dowan
  4737 | D:5      | Noticed Sigmund
  4752 | D:5      | Killed Sigmund
  4753 | D:5      | Reached skill level 7 in Long Blades
  5286 | D:6      | Found an opulent altar of Gozag.
  5549 | D:6      | Noticed Blork the orc
  5562 | D:6      | Killed Blork the orc
  5769 | D:6      | Reached skill level 8 in Long Blades
  6278 | D:7      | Found a blossoming altar of Fedhas.
  6459 | D:7      | Noticed a hornet
  6465 | D:7      | Killed a hornet
  6469 | D:7      | Reached skill level 9 in Long Blades
  6775 | D:7      | Found a white marble altar of Elyvilon.
  6797 | D:7      | Became a worshipper of Elyvilon the Healer
  6901 | D:7      | Learned a level 1 spell: Apportation
  6927 | D:7      | Reached XP level 10. HP: 52/66 MP: 10/10
  7286 | D:8      | Found a hide-covered altar of Uskayaw.
  7347 | D:8      | Reached skill level 1 in Invocations
  7482 | D:8      | Reached skill level 10 in Long Blades
  7719 | D:8      | Found Viluv's Weapon Boutique.
  8052 | D:8      | Noticed a two-headed ogre
  8067 | D:8      | Killed a two-headed ogre
  8338 | D:9      | Noticed a two-headed ogre
  8338 | D:9      | Reached * piety under Elyvilon
  8440 | D:9      | Noticed a kobold demonologist
  8522 | D:8      | Reached skill level 5 in Invocations
  8813 | D:9      | Noticed a sun demon
  8818 | D:8      | Killed a kobold demonologist
  8819 | D:8      | Reached skill level 11 in Long Blades
  8911 | D:9      | Killed a two-headed ogre
  8922 | D:9      | HP: 1/66 [poisoned by a kobold]
  8923 | D:9      | Succumbed to a kobold's poison

Illustrated notes

Levels and vault maps discovered:
D:1:      dpeg_arrival_central, layout_basic, serial_aquarium,
          aquarium_bridge_straight [aquarium_subvault_bridge,
          aquarium_subvault_wall, aquarium_subvault_bridge,
          aquarium_subvault_wall], aquarium_window_2, aquarium_window_fake,
          aquarium_window_corridor_1, aquarium_view_2e, aquarium_pool_four
D:2:      layout_rooms, hellmonk_ecumenical_altar_lost_god, corner_web_ring,
          grunt_ministairs_9, minmay_tromino_i4
D:3:      minmay_octagon_keep, layout_basic, uniq_crazy_yiuf_cottage,
          uniq_grinder
D:4:      layout_loops_ring, minmay_temple_entry_butterflies, serial_shops,
          kennysheep_mini_moat, grunt_ministairs_13, amcnicky_mini_pool_small,
          uniq_robin
D:5:      layout_basic, minmay_misc_feat_rows, uniq_sigmund, uniq_duvessa,
          uniq_pikel
D:6:      layout_basic, kennysheep_flooded_box, uniq_blork_the_orc
D:7:      layout_basic, fedhas_bush_and_centaur_altar, elyvilon_altar_3
D:8:      layout_basic, nicolae_uskayaw_murder_on_the_dancefloor, serial_shops,
          nicolae_lakefront_shop
D:9:      layout_rooms, lair_entry_dummy
Temple:   eino_temple_rhombus

Skill      XL: |  1  2  3  4  5  6  7  8  9 10 |
---------------+-------------------------------+-----
Dodging        | 1 3 4 5 |  5.0
Armour         | 2 3 5 |  5.0
Fighting       | 4 5 |  5.0
Long Blades    | 5 9 11 | 11.7
Invocations    | 5 |  5.0
Short Blades   | |  3.8
Axes           | |  1.0
Stealth        | |  1.0
Shields        | |  1.4

Action                   |  1- 3 |  4- 6 |  7- 9 | 10-12 || total
-------------------------+-------+-------+-------+-------++-------
Melee: Short sword       |    26 |       |       |       ||    26
       Dagger            |    38 |   110 |   284 |       ||   432
       Kick              |       |     3 |    84 |    15 ||   102
       Great sword       |       |       |    44 |    94 ||   138
Throw: Throwing net      |       |       |     2 |     1 ||     3
       Dart              |       |       |       |     2 ||     2
Invok: Lesser Healing    |       |       |       |     7 ||     7
       Divine Protection |       |       |       |     1 ||     1
  Use: Scroll            |       |     6 |     8 |     1 ||    15
       Potion            |       |     3 |     2 |     4 ||     9
 Stab: Sleeping          |       |     1 |       |       ||     1
Armor: Ring mail         |    18 |    31 |   127 |       ||   176
       Skin              |       |     3 |     9 |     1 ||    13
       Scale mail        |       |       |       |    67 ||    67
Dodge: Dodged            |    20 |    53 |   144 |    87 ||   304
Block: Buckler           |       |    10 |    40 |       ||    50

Table legend: (Time is in decaauts)
 A = Elapsed time spent in this place.
 B = Non-inter-level travel time spent in this place.
 C = Inter-level travel time spent in this place.
 D = Time resting spent in this place.
 E = Time spent auto-exploring this place.
 F = Levels seen in this place.
 G = Mean time per level.
                   A        B        C        D        E       F      G
               +--------+--------+--------+--------+--------+-----+--------+
         Total |   8889 |   8491 |    398 |   1348 |   5448 |  10 |  888.9 |
       Dungeon |   8694 |   8305 |    389 |   1348 |   5286 |   9 |  966.0 |
        Temple |    195 |    186 |      9 |      0 |    162 |   1 |  195.0 |
               +--------+--------+--------+--------+--------+-----+--------+

Top non-repeatable levels by time:
     D:8: 1523 daAuts
     D:5: 1183 daAuts
     D:7: 1137 daAuts
     D:4: 1136 daAuts
     D:6: 1085 daAuts
     D:1: 851 daAuts
     D:2: 829 daAuts
     D:3: 811 daAuts
  Temple: 195 daAuts
     D:9: 136 daAuts
